 Dungeon Crawl Stone Soup version 0.22.0-5-gf09313c8f9 (webtiles) character file.

75 Htamos the Vandal (level 4, -7/30 HPs)
             Began as a Halfling Hunter on Aug 14, 2018.
             Killed from afar by Sigmund (10 damage)
             ... with a puff of flame
             ... on level 2 of the Dungeon.
             The game lasted 00:01:48 (1120 turns).

Htamos the Vandal (Halfling Hunter)                 Turns: 1120, Time: 00:01:49

Health: -7/30      AC:  3    Str: 13    XL:     4   Next: 55%
Magic:  4/4        EV: 15    Int:  9    God:
Gold:   57         SH:  0    Dex: 15    Spells: 3/3 levels left

rFire    . . .     SeeInvis .   a - +1 hunting sling
rCold    . . .     Gourm    .   (shield restricted)
rNeg     . . .     Faith    .   c - +0 leather armour
rPois    .         Spirit   .   (no helmet)
rElec    .         Reflect  .   (no cloak)
rCorr    .         Harm     .   (no gloves)
MR       .....                  (no boots)
Stlth    ++........             (no amulet)
HPRegen  0.10/turn              (no ring)
MPRegen  0.09/turn              (no ring)

@: no status effects
A: small, mutation resistance 1
a: no special abilities


You were on level 2 of the Dungeon.
You were not hungry.

You visited 1 branch of the dungeon, and saw 2 of its levels.

You collected 57 gold pieces.

Inventory:

Hand Weapons
 a - a +1 hunting sling (weapon)
 b - a +0 mace
 g - a +0 short sword
Missiles
 d - 37 sling bullets (quivered)
 e - 37 stones
Armour
 c - a +0 leather armour (worn)
Scrolls
 h - 2 scrolls of identify {unknown}
 i - a scroll of remove curse {unknown}
Potions
 j - 3 potions of haste {unknown}
 k - a potion of berserk rage {unknown}
 l - a potion of magic {unknown}
Comestibles
 f - a ration
 m - 3 chunks of flesh


   Skills:
 + Level 2.5 Fighting
 + Level 6.5 Slings
 + Level 3.0 Dodging
 + Level 2.3 Stealth


You had 3 spell levels left.
You didn't know any spells.
Your spell library was empty.

Dungeon Overview and Level Annotations

Branches:
Dungeon (2/15)

Altars:
Fedhas
Gozag
Qazlal

Annotations:
D:2 Sigmund


Innate Abilities, Weirdness & Mutations

You are small and have problems with some larger weapons.
You are somewhat resistant to further mutation.


Message History

The sling bullet closely misses Sigmund.
Firing (i - inventory. (/) - cycle)
d - 38 sling bullets (quivered)
Press: ? - help, Shift-Dir - straight line, f/p - Sigmund
Aim: Sigmund, wielding a scythe and wearing a robe (lightly wounded)
You shoot a sling bullet. The sling bullet hits Sigmund!
Sigmund is moderately wounded.
Sigmund hits you from afar with a scythe.
* * * LOW HITPOINT WARNING * * *
You are too injured to fight recklessly!
Some of the chunks of flesh in your inventory have rotted away.
You see here a frilled lizard skeleton.
Sigmund gestures at you while chanting. The puff of flame hits you!
* * * LOW HITPOINT WARNING * * *
Sigmund mumbles some strange words.
Sigmund flickers and vanishes!
Deactivating autopickup; reactivate with Ctrl-A.
A puff of flame appears from out of thin air!
The puff of flame hits you!
You die...

..(..# .....# #.# .....#
#.##.# ....## #.##.# #.... #$
#.##.# #.#.## #.
#.##.#########.#..##
#.####.##.##..........).#####
#.#............@...÷.#...)PP##
#.........##.###...§.#..PPPPP#
#........<.÷.# #..≈._{...._P.#
##...#.####### #..##≈≈...PPP.#
####.#### #...#≈....PPP##
÷....# #....##.......# ######
..........###.# ##.#......(.#
.# # #.###..#)# #


There were no monsters in sight!

Vanquished Creatures
  An iguana (D:2)
  2 adders (D:2)
  2 leopard geckos (D:1)
  A giant cockroach (D:1)
  5 hobgoblins
  A ball python (D:2)
  4 bats
  2 frilled lizards
  3 goblins
  5 kobolds
  6 rats
32 creatures vanquished.

Notes
Turn   | Place    | Note
-------+----------+-------------------------------------------
     0 | D:1      | Htamos the Halfling Hunter began the quest for the Orb.
     0 | D:1      | Reached XP level 1. HP: 14/14 MP: 1/1
   162 | D:1      | Reached skill level 6 in Slings
   192 | D:1      | Reached XP level 2. HP: 19/19 MP: 2/2
   560 | D:1      | Reached XP level 3. HP: 24/24 MP: 3/3
   908 | D:2      | Found an opulent altar of Gozag.
  1007 | D:2      | Reached XP level 4. HP: 28/30 MP: 4/4
  1033 | D:2      | Found a stormy altar of Qazlal.
  1054 | D:2      | Found a blossoming altar of Fedhas.
  1097 | D:2      | Noticed Sigmund
  1120 | D:2      | Killed from afar by Sigmund

Skill      XL: |  1  2  3 |
---------------+----------+-----
Slings         | 6 |  6.5
Fighting       | 2 |  2.5
Stealth        | 2 |  2.3
Dodging        | 3 |  3.0

Action                   |  1- 3 |  4- 6 || total
-------------------------+-------+-------++-------
Melee: Mace              |       |     4 ||     4
 Fire: Hunting sling     |    50 |    32 ||    82
Armor: Leather armour    |     1 |     5 ||     6
Dodge: Dodged            |     6 |    13 ||    19
